 Dungeon Crawl Stone Soup version 0.29-a0-620-g13ace881f2 (webtiles) character file.

Game seed: 9972176083840099138

88 shoop the Insei (level 5, -3/40 HPs)
             Began as a Meteoran Transmuter on June 18, 2022.
             Slain by a centaur
             ... wielding a +0 rapier
              (10 damage)
             ... on level 4 of the Dungeon.
             The game lasted 00:05:45 (892 turns).

shoop the Insei (Meteoran Transmuter)                Turns: 892, Time: 00:05:46

Health: -3/40      AC:  2    Str: 11    XL:     5   Next: 10%
Magic:  7/10       EV: 12    Int: 17    God:
Gold:   72         SH:  0    Dex: 14    Spells: 5/9 levels left

rFire   . . .      SeeInvis .   g - staff of poison
rCold   . . .      Faith    .   (no shield)
rNeg    . . .      Spirit   .   a - +0 robe
rPois   +          Reflect  .   (no helmet)
rElec   .          Harm     .   (no cloak)
rCorr   .          Rampage  .   (no gloves)
Will    .....                   (no boots)
Stlth   +.........              (no amulet)
HPRegen 0.13/turn               (no ring)
MPRegen 0.12/turn               (no ring)

@: very slightly contaminated, glowing
A: sense surroundings 1, otherworldly, glowing, explore regen
a: no special abilities


You were on level 4 of the Dungeon.
You visited 1 branch of the dungeon, and saw 4 of its levels.

You collected 72 gold pieces.

Inventory:

Armour
 a - a +0 robe (worn)
Magical Staves
 g - a staff of poison (weapon)
Jewellery
 d - a ring of protection from cold
 l - a ring of ice
Scrolls
 c - a scroll of enchant weapon {unknown}
 e - 2 scrolls of identify {unknown}
 f - a scroll of teleportation {unknown}
 i - a scroll of silence {unknown}
 j - a scroll of fog
 k - a scroll of immolation {unknown}
 n - a scroll of noise {unknown}
 o - a scroll of amnesia {unknown}
Potions
 b - a potion of lignification
 h - a potion of brilliance {unknown}
 m - a potion of ambrosia {unknown}


   Skills:
 - Level 1.1 Fighting
 - Level 2.4 Dodging
 - Level 5.0 Unarmed Combat
 - Level 2.6 Spellcasting
 + Level 3.8 Transmutations
 - Level 2.0 Poison Magic


You had 5 spell levels left.
You knew the following spells:

 Your Spells              Type           Power      Damage    Failure   Level
a - Spider Form           Tmut/Pois      18%        N/A       17%         3
c - Beastly Appendage     Tmut           30%        N/A       3%          1

Your spell library contained the following spells:

 Spells                   Type           Power      Damage    Failure   Level
 Wereblood                Tmut           15%        N/A       6%          2
 Shock                    Conj/Air       8%         1d3       19%         1
 Ignite Poison            Fire/Tmut/Pois 13%        N/A       24%         3
 Static Discharge         Conj/Air       2%         N/A       26%         2
 Conjure Flame            Conj/Fire      2%         6-21      47%         3
 Gell's Gravitas          Tloc           2%         N/A       47%         3
 Lesser Beckoning         Tloc           2%         N/A       47%         3
 Swiftness                Air            2%         N/A       47%         3
 Teleport Other           Tloc           2%         N/A       47%         3
 Ice Form                 Ice/Tmut       8%         N/A       63%         4
 Airstrike                Air            1%         N/A       87%         4
 Sticky Flame             Conj/Fire      2%         2d3       87%         4
 Lightning Bolt           Conj/Air       1%         1d12      99%         5
 Maxwell's Capacitive Co  Air            1%         ∞         100%        8


Dungeon Overview and Level Annotations

Branches:
Dungeon (4/15) Zot: 1513
 Temple: D:4-7

Altars:

Shops:
D:3 =


Innate Abilities, Weirdness & Mutations

You passively map a small area around you.
You are easily found by Zot.
You glow in the dark.
You regain HP and MP as you explore.


Message History

Your transformation is almost over.
There is a stone staircase leading up here.
The gnoll closely misses you.
You climb upwards.
There is a stone staircase leading down here.
There is a stone staircase leading down here.
You climb downwards.
Your transformation has ended.
Your staff of poison unmelds from your body.
Your +0 robe unmelds from your body.
There is a stone staircase leading up here.
Found a scroll labelled LIHUKH HELUM.
o - a scroll labelled LIHUKH HELUM You open the door.
Found 20 stones.
There is an open door here.
Found an escape hatch in the ceiling.
A centaur and a gnoll come into view.
Found a bubbling inky potion.
The centaur shouts!
The gnoll shouts!
A gnoll comes into view. It is wielding a +0 halberd.
The centaur unwields a +0 rapier.
The centaur wields a +0 shortbow.
The centaur shoots an arrow.
The arrow hits you!
The centaur shoots an arrow.
The arrow hits you!
* * * LOW HITPOINT WARNING * * *
There is an open door here.
You close the door.
As you read the scroll labelled BUVUIKUUPT, it crumbles to dust.
The scroll dissolves into smoke.
It was a scroll of fog.
The centaur unwields a +0 shortbow.
The centaur wields a +0 rapier.
The centaur hits you with a +0 rapier.
* * * LOW HITPOINT WARNING * * *
The centaur closely misses you.
Casting: Spider Form (quite dangerous; 17% risk of failure)
Confirm with . or Enter, or press ? or * to list all spells.
The spell is quite dangerous to miscast (17% risk of failure)!
Continue anyway?
You feel a surge of power!
You miscast Spider Form.
You are very lightly contaminated with residual magic.
Nothing appears to happen.
The centaur hits you with a +0 rapier!
You die...

......####### ,,
.....c......#
..........# * *
#........# #........#
#........## #......(..#
###############+##.....#
#<.......§@c§§§§# .....#
######..§§####### .....#
#..§§# .....# #....#
..g..# #....# *...g.#
#....# * , #....# *
#....# , #....#


You could see a centaur.

Vanquished Creatures
  A gnoll (D:4)
  3 adders
  3 worms
  A dart slug (D:2)
  2 ball pythons
  5 endoplasms
  A giant cockroach (D:1)
  4 goblins
  4 hobgoblins
  2 quokkas (D:1)
  3 bats
  7 frilled lizards
  4 kobolds
  2 rats
42 creatures vanquished.

Notes
Turn   | Place    | Note
-------+----------+-------------------------------------------
     0 | D:1      | shoop the Meteoran Transmuter began the quest for the Orb.
     0 | D:1      | Reached XP level 1. HP: 16/16 MP: 5/5
    78 | D:1      | Reached skill level 4 in Unarmed Combat
    79 | D:1      | Reached XP level 2. HP: 17/23 MP: 6/6
   283 | D:2      | Reached XP level 3. HP: 28/28 MP: 6/8
   287 | D:2      | Learned a level 3 spell: Spider Form
   389 | D:2      | Found a faded altar of an unknown god.
   459 | D:2      | Reached skill level 5 in Unarmed Combat
   469 | D:1      | Reached skill level 1 in Poison Magic
   525 | D:2      | Reached XP level 4. HP: 35/35 MP: 5/9
   684 | D:3      | Found Koleuh's Jewellery Emporium.
   841 | D:4      | Reached XP level 5. HP: 19/40 MP: 7/10
   880 | D:4      | Noticed a centaur
   892 | D:4      | Slain by a centaur

Illustrated notes

Levels and vault maps discovered:
D:1:      amcnicky_arrival_abandoned_market, layout_loops_ring,
          minmay_misc_feat_rows
D:2:      layout_basic, hellmonk_ecumenical_altar_leap_of_faith, minmay_3d_cube,
          uniq_jessica
D:3:      layout_loops_ring, mainiacjoe_overflow_alcove_4, serial_shops,
          nicolae_shop_hallway_plus, uniq_crazy_yiuf_cottage
D:4:      layout_basic, mainiacjoe_overflow_alcove_2

Skill      XL: |  1  2  3  4 |
---------------+-------------+-----
Unarmed Combat | 4 5 |  5.0
Poison Magic   | 1 2 |  2.0
Transmutations | 3 |  3.8
Fighting       | |  1.1
Dodging        | |  2.4
Spellcasting   | |  2.6

Action                   |  1- 3 |  4- 6 || total
-------------------------+-------+-------++-------
Melee: Unarmed           |    71 |    31 ||   102
       Kick              |     8 |       ||     8
       Headbutt          |     4 |       ||     4
       Punch             |     2 |       ||     2
       Staff             |       |    10 ||    10
 Cast: Beastly Appendage |     9 |       ||     9
       Spider Form       |     5 |     4 ||     9
  Use: Scroll            |       |     1 ||     1
Armor: Robe              |    11 |     1 ||    12
       Skin              |       |     4 ||     4
Dodge: Dodged            |    27 |    22 ||    49

Table legend: (Time is in decaauts)
 A = Elapsed time spent in this place.
 B = Non-inter-level travel time spent in this place.
 C = Inter-level travel time spent in this place.
 D = Time resting spent in this place.
 E = Time spent auto-exploring this place.
 F = Levels seen in this place.
 G = Mean time per level.
                   A        B        C        D        E       F      G
               +--------+--------+--------+--------+--------+-----+--------+
         Total |    885 |    808 |     77 |      0 |    157 |   4 |  221.2 |
       Dungeon |    885 |    808 |     77 |      0 |    157 |   4 |  221.2 |
               +--------+--------+--------+--------+--------+-----+--------+

Top non-repeatable levels by time:
     D:1: 327 daAuts
     D:2: 252 daAuts
     D:3: 176 daAuts
     D:4: 129 daAuts
